 Dungeon Crawl Stone Soup version 0.21.1-1-g345015f (webtiles) character file.

42 tidbits the Grave Robber (level 3, 2/25 HPs)
             Began as a Gnoll Necromancer on June 21, 2018.
             Quit the game on level 3 of the Dungeon.
             The game lasted 00:01:44 (162 turns).

tidbits the Grave Robber (Gnoll Necromancer)         Turns: 162, Time: 00:01:45

Health: 2/25       AC:  2    Str: 10    XL:     3   Next: 54%
Magic:  4/9        EV: 14    Int: 18    God:
Gold:   31         SH:  0    Dex: 15    Spells: 4/12 levels left

rFire    . . .     SeeInvis .   a - +0 dagger (venom)
rCold    . . .     Gourm    .   (no shield)
rNeg     . . .     Faith    .   d - +0 robe
rPois    .         Spirit   .   (no helmet)
rElec    .         Reflect  .   (no cloak)
rCorr    .         Harm     +   (no gloves)
MR       .....                  (no boots)
Stlth    +++.......             g - amulet of harm
HPRegen  1.08/turn              (no ring)
MPRegen  0.11/turn              (no ring)

@: quite poisoned (2 -> 1), regenerating
A: distributed training, fangs 1, strong nose
a: no special abilities


You were on level 3 of the Dungeon.
You were not hungry.

You visited 1 branch of the dungeon, and saw 3 of its levels.

You collected 31 gold pieces.

Inventory:

Hand Weapons
 a - a +0 dagger of venom (weapon)
   (You took it off a kobold on level 1 of the Dungeon)
 e - a +0 dagger
 f - a +0 club
Armour
 d - a +0 robe (worn)
Jewellery
 g - an amulet of harm (around neck)
   (You found it on level 1 of the Dungeon)
Books
 b - a book of Necromancy

   Spells                             Type                      Level
   a - Pain                           Necromancy                   1
   b - Animate Skeleton               Necromancy                   1
   c - Vampiric Draining              Necromancy                   3
   d - Regeneration                   Charms/Necromancy            3
   e - Animate Dead                   Necromancy                   4
   f - Borgnjor's Vile Clutch         Necromancy/Earth             5
Comestibles
 c - 2 rations


   Skills:
 + Level 0.8 Fighting
 + Level 0.8 Short Blades
 + Level 0.8 Long Blades
 + Level 0.8 Axes
 + Level 0.8 Maces & Flails
 + Level 0.8 Polearms
 + Level 0.8 Staves
 + Level 0.8 Slings
 + Level 0.8 Bows
 + Level 0.8 Crossbows
 + Level 0.8 Throwing
 + Level 0.8 Armour
 + Level 4.5 Dodging
 + Level 4.1 Stealth
 + Level 0.8 Shields
 + Level 0.8 Unarmed Combat
 + Level 5.0 Spellcasting
 + Level 0.5 Conjurations
 + Level 0.5 Hexes
 + Level 0.5 Charms
 + Level 0.5 Summonings
 + Level 7.1 Necromancy
 + Level 0.5 Translocations
 + Level 0.5 Transmutations
 + Level 0.5 Fire Magic
 + Level 0.5 Ice Magic
 + Level 0.5 Air Magic
 + Level 0.5 Earth Magic
 + Level 0.5 Poison Magic
 + Level 1.0 Invocations
 + Level 0.8 Evocations


You had 4 spell levels left.
You knew the following spells:

 Your Spells              Type           Power        Failure   Level  Hunger
a - Pain                  Necr           ####         1%          1    None
d - Vampiric Draining     Necr           ####......   2%          3    ##.....
n - Animate Skeleton      Necr           N/A          1%          1    None
r - Regeneration          Chrm/Necr      ###.......   9%          3    ##.....


Dungeon Overview and Level Annotations

Branches:
Dungeon (3/15)

Altars:
Fedhas


Innate Abilities, Weirdness & Mutations

Your experience applies equally to all skills.
You have very sharp teeth.
Your uncanny sense of smell can sniff out nearby items.


Message History

You kill the jackal!
The helpless jackal fails to defend itself.
You puncture the jackal!
You kill the jackal!
You hit the rat.
You kill the rat!
You see here a rat corpse.
Found a runed pearl amulet and 8 gold pieces.
You see here a runed pearl amulet.
g - a runed pearl amulet Put on which piece of jewellery? (? for menu, Esc to quit)
g - an amulet of harm (around neck)
You see here 8 gold pieces.
You now have 8 gold pieces.
Found 5 gold pieces.
There is an escape hatch in the floor here.
You slide downwards.
The hatch slams shut behind you.
A worm and Jessica come into view.
Found a ration, a chain mail and 13 gold pieces.
Found a blossoming altar of Fedhas.
Unknown command.
Found a scroll labeled GAMUS EP JODO.
Found a leather armour.
You see here a ration.
The helpless worm fails to defend itself.
You puncture the worm!
You kill the worm!
c - 2 rations (gained 1)
Found a robe.
The helpless Jessica fails to defend herself.
You puncture Jessica!
You kill Jessica!
Your Spellcasting skill increases to level 5!
Your Invocations skill increases to level 1!
You have reached level 3!
Your experience leads to an increase in your attributes!
Increase (S)trength, (I)ntelligence, or (D)exterity?
You feel clever.
Memorise Regeneration, consuming 3 spell levels and leaving 8?
You start memorising the spell.
You continue memorising. x3
You finish memorising.
Spell assigned to 'r'.
Casting: Pain
Confirm with . or Enter, or press ? or * to list all spells.
Your skin crawls.
Memorise Animate Skeleton, consuming 1 spell level and leaving 7?
You start memorising the spell.
You continue memorising.
You finish memorising.
Spell assigned to 'n'.
Memorise Vampiric Draining, consuming 3 spell levels and leaving 4?
You start memorising the spell.
You continue memorising. x2
Your skin is crawling a little less now.
You continue memorising.
You finish memorising.
Spell assigned to 'd'.
Found 10 gold pieces.
Things that are here:
a robe; the human corpse of Jessica
Found an escape hatch in the floor.
You see here 13 gold pieces.
You now have 21 gold pieces (gained 13).
Your skin stops crawling.
You see here a robe.
You see here 10 gold pieces.
You now have 31 gold pieces (gained 10).
There is an escape hatch in the floor here.
You slide downwards.
The hatch slams shut behind you.
A bat, a kobold, an orc priest and an orc wizard come into view.
The orc priest is wielding a dagger of venom.
The orc priest shouts!
The orc wizard shouts!
You hear a shout!
The kobold shouts!
Found a stone staircase leading down.
The kobold hits you with a whip.
Unknown command.
You hit the kobold but do no damage.
The kobold is poisoned.
The bat hits you but does no damage. The kobold hits you but does no damage.
You hit the kobold.
You kill the kobold!
The bat barely misses you.
Casting: Regeneration
Confirm with . or Enter, or press ? or * to list all spells.
Your skin crawls.
The bat hits you.
A bat comes into view.
An orc and an orc priest come into view.
The bat hits you.
The orc priest hits you with a dagger of venom!
* * * LOW HITPOINT WARNING * * *
You are poisoned.
The bat closely misses you.
You aren't carrying any potions.
Unknown command.
The orc shouts!
You hit the orc priest.
The orc priest is poisoned.
Your bite misses the orc priest.
The orc priest is lightly wounded.
You feel sick.
You hear a shout!
The bat closely misses you.
The orc priest hits you with a dagger of venom.
* * * LOW HITPOINT WARNING * * *
You aren't carrying any potions.
Unknown command.
Are you sure you want to abandon this character and quit the game? (Confirm with "yes".) . .# .# o# . .# .# o# #. .# #. o# #..###)##o#.# #....b@.># #########.# ∆ ∆ ∆

You could see 2 orc priests, an orc wizard, an orc and a bat.

Vanquished Creatures
  Jessica (D:2)
  A worm (D:2)
  A giant cockroach (D:1)
  2 goblins (D:1)
  2 jackals (D:1)
  A bat (D:1)
  A frilled lizard (D:1)
  4 kobolds
  A rat (D:1)
14 creatures vanquished.

Notes
Turn   | Place    | Note
-------+----------+-------------------------------------------
     0 | D:1      | tidbits the Gnoll Necromancer began the quest for the Orb.
     0 | D:1      | Reached XP level 1. HP: 13/13 MP: 6/6
    69 | D:1      | Reached XP level 2. HP: 4/19 MP: 3/7
   119 | D:2      | Found a blossoming altar of Fedhas.
   119 | D:2      | Noticed Jessica
   130 | D:2      | Killed Jessica
   130 | D:2      | Reached skill level 5 in Spellcasting
   130 | D:2      | Reached skill level 1 in Invocations
   130 | D:2      | Reached XP level 3. HP: 5/25 MP: 7/9
   135 | D:2      | Learned a level 3 spell: Regeneration
   138 | D:2      | Learned a level 1 spell: Animate Skeleton
   142 | D:2      | Learned a level 3 spell: Vampiric Draining
   161 | D:3      | HP: 2/25 [orc priest/dagger of venom (3)]
   162 | D:3      | Quit the game

Skill      XL: |  1  2 |
---------------+-------+-----
Spellcasting   | 5 |  5.0
Invocations    | 1 |  1.0
Fighting       | |  0.8
Short Blades   | |  0.8
Long Blades    | |  0.8
Axes           | |  0.8
Maces & Flails | |  0.8
Polearms       | |  0.8
Staves         | |  0.8
Slings         | |  0.8
Bows           | |  0.8
Crossbows      | |  0.8
Throwing       | |  0.8
Armour         | |  0.8
Dodging        | |  4.5
Stealth        | |  4.1
Shields        | |  0.8
Unarmed Combat | |  0.8
Conjurations   | |  0.5
Hexes          | |  0.5
Charms         | |  0.5
Summonings     | |  0.5
Necromancy     | |  7.1
Translocations | |  0.5
Transmutations | |  0.5
Fire Magic     | |  0.5
Ice Magic      | |  0.5
Air Magic      | |  0.5
Earth Magic    | |  0.5
Poison Magic   | |  0.5
Evocations     | |  0.8

Action                   || total
-------------------------++-------
Melee: Dagger            ||     8
 Cast: Pain              ||    10
       Regeneration      ||     2
 Stab: Sleeping          ||     4
Armor: Robe              ||     2
Dodge: Dodged            ||     5

Table legend:
 A = Turns spent in this place as a percentage of turns spent in the entire game.
 B = Non-inter-level travel turns spent in this place as a percentage of non-inter-level travel turns spent in the entire game.
 C = Inter-level travel turns spent in this place as a percentage of turns spent in this place.
 D = Turns resting spent in this place as a percentage of non-inter-level travel turns spent in this place.
 E = Turns spent auto-exploring this place as a percentage of non-inter-level travel turns spent in this place.
 F = Non-inter-level travel turns spent in this place divided by the number of levels of this place that you've seen.
                   A       B       C       D       E      F
               +-------+-------+-------+-------+-------+----------------------
         Total | 100.0 | 100.0 |   0.0 |   0.0 |   0.0 |  54.0
       Dungeon | 100.0 | 100.0 |   0.0 |   0.0 |   0.0 |  54.0
               +-------+-------+-------+-------+-------+----------------------

Table legend:
 A = Kills in this place as a percentage of kills in entire the game.
 B = Kills by you in this place as a percentage of kills by you in the entire game.
 C = Kills by friends in this place as a percentage of kills by friends in the entire game.
 D = Other kills in this place as a percentage of other kills in the entire game.
 E = Experience gained in this place as a percentage of experience gained in the entire game.
 F = Experience gained in this place divided by the number of levels of this place that you have seen.
                   A       B       C       D       E      F
               +-------+-------+-------+-------+-------+----------------------
         Total | 100.0 | 100.0 |   N/A |   N/A | 100.0 |  20.0
       Dungeon | 100.0 | 100.0 |   N/A |   N/A | 100.0 |  20.0
               +-------+-------+-------+-------+-------+----------------------

Vault maps used:
D:1:      saegor_arrival_simple_d, minmay_pentomino_z2
D:2:      lemuel_doored_altar, lemuel_crystal_altar,
          chequers_ecumenical_altar_island, uniq_jessica
D:3:      overflow_temple_1_default, old_standard_altar,
          gammafunk_temple_overflow_forgotten, minmay_misc_feat_plants,
          uniq_natasha
